 Dungeon Sprint DCSS version 0.20.1-1-g8b1a95d (webtiles) character file.

13118 Kingsmith the Tortoise (level 11, -7/117 HPs)
             Began as a Minotaur Fighter on Dec 12, 2017.
             Was the Champion of the Shining One.
             Mangled by a deep troll (11 damage)
             ... in the Dungeon (Sprint IX: "|||||||||||||||||||||||||||||").
             The game lasted 00:08:29 (1717 turns).

Kingsmith the Tortoise (Minotaur Fighter)           Turns: 1717, Time: 00:08:30

Health: -7/117     AC: 20    Str: 22    XL:     11   Next: 71%
Magic:  10/10      EV: 16    Int:  8    God:    the Shining One [******]
Gold:   1078       SH:  0    Dex: 12    Spells: 10/10 levels left

rFire    . . .     SeeInvis .   t - +2 dire flail (crush)
rCold    . . .     Gourm    .   (shield currently unavailable)
rNeg     + + +     Faith    .   r - +1 chain mail
rPois    .         Spirit   .   (helmet restricted)
rElec    .         Reflect  .   q - +0 cloak
rCorr    .         Harm     .   p - +0 pair of gloves
MR       .....     NoTele   +   y - +0 pair of boots
Stlth    ..........             (no amulet)
Regen    0.3/turn               b - +2 ring of evasion
MPRegen  0.2/turn               s - +3 ring of intelligence

@: glowing
A: retaliatory headbutt, horns 2
a: Divine Shield, Cleansing Flame, Summon Divine Warrior, Brand Weapon With Holy
Wrath, Renounce Religion


You were in the Dungeon.
You worshipped the Shining One.
The Shining One was exalted by your worship.
You were hungry.

You visited 1 branch You collected 1078 gold pieces.

Inventory:

Hand Weapons
 t - a +2 dire flail of crushing (weapon)
Armour
 c - a +0 shield
 p - a +0 pair of gloves (worn)
 q - a +0 cloak (worn)
 r - a +1 chain mail (worn)
 y - a +0 pair of boots (worn)
Jewellery
 b - a +2 ring of evasion (left hand)
 s - a +3 ring of intelligence (right hand)
Wands
 o - a wand of iceblast (7/15)
Scrolls
 g - 2 scrolls of identify
 k - 4 scrolls of blinking
 m - 5 scrolls of remove curse
 n - 2 scrolls of amnesia
Potions
 a - a potion of agility
 d - a potion of might
 e - 4 potions of curing
 h - 5 potions of haste
 i - 3 potions of magic
 j - a potion of invisibility
 l - 2 potions of heal wounds
Comestibles
 f - 14 bread rations
 v - 40 fruits
 w - 12 meat rations


   Skills:
 * Level 17.4 Fighting
 * Level 17.2 Maces & Flails
 * Level 17.5 Armour
 + Level 12.0 Dodging
 - Level 11.1 Shields


You had 10 spell levels left.
You didn't know any spells.

Dungeon Overview and Level Annotations

Branches:
Dungeon (1/1)

Altars:
Cheibriados
Dithmenos
Elyvilon
Fedhas
Gozag
Hepliaklqana
Kikubaaqudgha
Makhleb
Nemelex Xobeh
Okawaru
Qazlal
Ru
Sif Muna
Trog
Uskayaw
Vehumet
Xom
Yredelemnul
Zin
The Shining One
Beogh
Jiyva
Lugonu

Shops:
D :=:*


Innate Abilities, Weirdness & Mutations

You reflexively headbutt those who attack you in melee.
You have a pair of horns on your head.


Message History

The deep troll is severely wounded.
The golden flame engulfs the ogre mage.
The ogre mage is lightly wounded.
You are feeling hungry.
You hear a shout!
The deep troll bites you!
* * * LOW HITPOINT WARNING * * *
The deep troll claws you! The Shining One protects you from harm!
The deep troll closely misses you.
You hit the deep troll.
The deep troll is severely wounded.
You don't have enough magic at the moment.
Okay, then.
Magic courses through your body. The deep troll bites you!
The Shining One protects you from harm! The deep troll claws you!
The Shining One protects you from harm! The deep troll claws you!
You die...

▓▓▓▓▓▓▓▓▓▓▓▓▓▓▓▓▓▓▓▓▓▓▓▓▓▓
))))......'[$)$)@TOOT.∩$..
▓▓▓▓▓▓▓▓▓▓▓▓▓▓▓▓▓▓▓▓▓▓▓▓▓▓▓▓▓▓▓▓▓
.).....(..............)..........
▓▓▓▓▓▓▓▓▓▓▓▓▓▓▓▓▓▓▓▓▓▓▓▓▓▓▓▓▓▓▓▓▓
†÷.........'†.......[...'...[..[.
▓▓▓▓▓▓▓▓▓▓▓▓▓▓▓▓▓▓▓▓▓▓▓▓▓▓▓▓▓▓▓▓▓
.................................
▓▓▓▓▓▓▓▓▓▓▓▓▓▓▓▓▓▓▓▓▓▓▓▓▓▓▓▓▓▓▓▓▓
______.____'..|)).[..)......')...


You could see 2 ogre magi and 2 deep trolls.

Vanquished Creatures
  2 ogre magi (D)
  Urug (D)
  2 deep trolls (D)
  5 orc knights (D)
  Maurice (D)
  A black mamba (D)
  7 spiny frogs (D)
  An elephant (D)
  2 komodo dragons (D)
  2 rime drakes (D)
  4 trolls (D)
  2 tyrant leeches (D)
  A hornet (D)
  3 blink frogs (D)
  A shadow (D)
  A wraith (D)
  A warg (D)
  2 porcupines (D)
  2 water moccasins (D)
  9 orc warriors (D)
  A black bear (D)
  An eye of draining (D)
  A big kobold (D)
  3 crocodiles (D)
  2 bullfrogs (D)
  3 orc priests (D)
  A gnoll shaman (D)
  A jelly (D)
  5 orc wizards (D)
  An iguana (D)
  A worker ant (D)
  A gnoll (D)
  An ooze (D)
  An adder zombie (D)
  A leopard gecko (D)
  8 orcs (D)
  2 giant cockroaches (D)
  A bat (D)
  2 kobolds (D)
  A leopard gecko zombie (D)
88 creatures vanquished.

Vanquished Creatures (collateral kills)
  An orc knight (D)
  An orc (D)
2 creatures vanquished.

Grand Total: 90 creatures vanquished

Notes
Turn   | Place    | Note
-------+----------+-------------------------------------------
     0 | D        | Kingsmith the Minotaur Fighter began the quest for the Orb.
     0 | D        | Reached XP level 1. HP: 19/19 MP: 0/0
     9 | D        | Reached skill level 5 in Shields
    17 | D        | Reached XP level 2. HP: 19/26 MP: 1/1
    30 | D        | Reached skill level 1 in Dodging
    30 | D        | Reached XP level 3. HP: 33/34 MP: 2/2
    34 | D        | Reached skill level 5 in Fighting
    34 | D        | Reached skill level 5 in Armour
    46 | D        | Reached XP level 4. HP: 34/42 MP: 3/3
    65 | D        | Found a roughly hewn altar of Beogh.
    65 | D        | Found a snail-covered altar of Cheibriados.
    65 | D        | Found a shadowy altar of Dithmenos.
    65 | D        | Found a white marble altar of Elyvilon.
    65 | D        | Found a blossoming altar of Fedhas.
    65 | D        | Found an opulent altar of Gozag.
    66 | D        | Found a hazy altar of Hepliaklqana.
    67 | D        | Found a viscous altar of Jiyva.
    68 | D        | Found an ancient bone altar of Kikubaaqudgha.
    69 | D        | Found a corrupted altar of Lugonu.
    70 | D        | Found a burning altar of Makhleb.
    71 | D        | Found a sparkling altar of Nemelex Xobeh.
    72 | D        | Found an iron altar of Okawaru.
    73 | D        | Found a stormy altar of Qazlal.
    74 | D        | Found a sacrificial altar of Ru.
    75 | D        | Found a deep blue altar of Sif Muna.
    76 | D        | Found a bloodstained altar of Trog.
    77 | D        | Found a hide-covered altar of Uskayaw.
    78 | D        | Found a radiant altar of Vehumet.
    80 | D        | Became a worshipper of Warmaster Okawaru
    81 | D        | Found a shimmering altar of Xom.
    82 | D        | Found a basalt altar of Yredelemnul.
    83 | D        | Found a glowing silver altar of Zin.
    84 | D        | Found a glowing golden altar of the Shining One.
   104 | D        | Fell from the grace of Okawaru
   104 | D        | Became a worshipper of the Shining One
   143 | D        | Noticed a crocodile
   143 | D        | Reached * piety under the Shining One
   143 | D        | Noticed a hornet
   151 | D        | Killed a crocodile
   151 | D        | Reached skill level 5 in Maces & Flails
   151 | D        | Reached XP level 5. HP: 9/51 MP: 4/4
   153 | D        | Reached ** piety under the Shining One
   162 | D        | Killed a hornet
   162 | D        | Reached XP level 6. HP: 21/62 MP: 1/5
   175 | D        | Noticed a wraith
   175 | D        | Noticed a shadow
   175 | D        | Reached *** piety under the Shining One
   175 | D        | Reached **** piety under the Shining One
   177 | D        | Killed a wraith
   177 | D        | Reached skill level 5 in Dodging
   177 | D        | Reached skill level 10 in Shields
   177 | D        | Reached XP level 7. HP: 50/70 MP: 0/6
   193 | D        | Killed a shadow
   199 | D        | Reached skill level 10 in Fighting
   199 | D        | Reached skill level 10 in Armour
   357 | D        | Noticed a rime drake
   357 | D        | Noticed a blink frog
   357 | D        | Noticed a spiny frog
   357 | D        | Reached ***** piety under the Shining One
   357 | D        | Noticed a komodo dragon
   363 | D        | Noticed a spiny frog
   365 | D        | Killed a rime drake
   365 | D        | Reached skill level 10 in Maces & Flails
   365 | D        | Reached XP level 8. HP: 67/81 MP: 7/7
   367 | D        | Noticed a spiny frog
   367 | D        | Killed a spiny frog
   369 | D        | Killed a blink frog
   375 | D        | Killed a komodo dragon
   375 | D        | Reached XP level 9. HP: 49/90 MP: 8/8
   383 | D        | Killed a spiny frog
   386 | D        | Killed a spiny frog
   397 | D        | Noticed an orc knight
   410 | D        | Killed an orc knight
   707 | D        | Noticed an elephant
   707 | D        | Noticed a spiny frog
   707 | D        | Noticed a black mamba
   711 | D        | Killed an elephant
   713 | D        | Noticed a spiny frog
   715 | D        | Noticed a rime drake
   718 | D        | Killed a spiny frog
   719 | D        | Noticed a komodo dragon
   723 | D        | Killed a black mamba
   723 | D        | Reached XP level 10. HP: 94/102 MP: 9/9
   728 | D        | Killed a spiny frog
   893 | D        | Reached ****** piety under the Shining One
   893 | D        | Noticed a spiny frog
   894 | D        | Noticed a spiny frog
   899 | D        | Killed a spiny frog
   912 | D        | Reached skill level 10 in Dodging
   915 | D        | Killed a spiny frog
   918 | D        | Reached skill level 15 in Armour
   923 | D        | Reached skill level 15 in Fighting
  1002 | D        | Noticed Maurice
  1011 | D        | Killed Maurice
  1011 | D        | Reached skill level 15 in Maces & Flails
  1028 | D        | Noticed Urug
  1039 | D        | Killed Urug
  1084 | D        | Noticed an orc knight
  1101 | D        | Killed an orc knight
  1101 | D        | Reached XP level 11. HP: 74/114 MP: 10/10
  1265 | D        | Noticed an orc knight
  1265 | D        | Noticed an orc knight
  1276 | D        | Killed an orc knight
  1287 | D        | Killed an orc knight
  1297 | D        | Noticed an orc knight
  1309 | D        | Noticed an orc knight
  1323 | D        | Killed an orc knight
  1330 | D        | Killed an orc knight
  1664 | D        | Found Faisuuc's Book Emporium.
  1664 | D        | Noticed a deep troll
  1665 | D        | Noticed an ogre mage
  1668 | D        | Noticed a deep troll
  1672 | D        | Killed a deep troll
  1675 | D        | Noticed an ogre mage
  1677 | D        | Found Wueseki's Jewellery Shoppe.
  1697 | D        | Killed a deep troll
  1700 | D        | Killed an ogre mage
  1701 | D        | Found Isip's Book Emporium.
  1703 | D        | Found Mej Reo's General Store.
  1704 | D        | Noticed a deep troll
  1706 | D        | Noticed an ogre mage
  1707 | D        | Noticed an ogre mage
  1707 | D        | Noticed a deep troll
  1712 | D        | Killed an ogre mage
  1715 | D        | HP: 3/117 [deep troll (11)]
  1715 | D        | The Shining One protects you from harm!
  1717 | D        | The Shining One protects you from harm!
  1717 | D        | The Shining One protects you from harm!
  1717 | D        | Mangled by a deep troll

Skill      XL: |  1  2  3  4  5  6  7  8  9 10 11 |
---------------+----------------------------------+-----
Shields        | 6 7 8 9 10 11 | 11.1
Fighting       | 4 5 6 8 9 10 12 13 15 17 | 17.4
Maces & Flails | 3 4 5 7 8 10 11 13 15 17 | 17.2
Armour         | 4 5 6 8 9 10 12 13 15 17 | 17.5
Dodging        | 1 2 3 4 5 6 7 9 10 12 | 12.0

Action                   |  1- 3 |  4- 6 |  7- 9 | 10-12 || total
-------------------------+-------+-------+-------+-------++-------
Melee: Flail             |    29 |    25 |    27 |       ||    81
       Headbutt          |     1 |     5 |    23 |    34 ||    63
       Dire flail        |       |       |    64 |   182 ||   246
Invok: Divine Shield     |       |     1 |       |       ||     1
       Cleansing Flame   |       |       |       |     1 ||     1
       Summon Divine War |       |       |       |     1 ||     1
  Use: Potion            |     2 |     2 |     1 |     3 ||     8
  Eat: Chunk             |       |       |       |     3 ||     3
Armor: Scale mail        |    11 |     1 |       |       ||    12
       Chain mail        |       |     2 |    18 |    40 ||    60
Dodge: Dodged            |     4 |     9 |    26 |    72 ||   111
Block: Shield            |    16 |    16 |    14 |       ||    46
